 Dungeon Crawl Stone Soup version 0.28-a0-1396-gdcb3f3653b (webtiles) character file.

Game seed: 1538326201356979776

8064 nikki the Slicer (level 11, -14/89 HPs)
             Began as a Palentonga Fighter on Jan 5, 2022.
             Was the Champion of Jiyva.
             Demolished by a boulder beetle (62 damage)
             ... on level 12 of the Dungeon.
             The game lasted 00:16:45 (7422 turns).

nikki the Slicer (Palentonga Fighter)               Turns: 7422, Time: 00:16:45

Health: -14/89     AC: 21    Str: 22    XL:     11   Next: 5%
Magic:  11/11      EV:  5    Int:  8    God:    Jiyva [******]
Gold:   300        SH: 10    Dex: 18    Spells: 10/10 levels left

rFire   . . .      SeeInvis +   o - +2 rapier (venom)
rCold   . . .      Faith    .   z - +0 kite shield
rNeg    . . .      Spirit   .   a - +2 plate armour of Inaction {Harm Drain rCorr}
rPois   .          Reflect  .   (no helmet)
rElec   .          Harm     +   (no cloak)
rCorr   +          Rampage  .   I - +0 pair of gloves
Will    .....                   (no barding)
Stlth   +.........              (no amulet)
HPRegen 1.84/turn               (no ring)
MPRegen 0.62/turn               (no ring)

@: curled up
A: large, rugged brown scales 3, see invisible, deformed body, roll 1, armoured
tail, reflexive curl, thin skeletal structure 3, sense surroundings 1, wild
magic 1, eyeballs 2, jelly absorbing missiles
a: Rolling Charge, Renounce Religion, Oozemancy, Slimify


You were on level 12 of the Dungeon.
You worshipped Jiyva.
Jiyva was exalted by your worship.
You visited 1 branch of the dungeon, and saw 11 of its levels.

You collected 300 gold pieces.

Inventory:

Hand Weapons
 j - a +2 whip of flaming
 m - a +1 glaive of flaming
 o - a +2 rapier of venom (weapon)
 x - a +2 dagger of holy wrath
 C - a +4 quarterstaff of chaos
Missiles
 g - 205 stones
 F - 2 throwing nets
Armour
 a - the +2 plate armour of Inaction (worn) {Harm Drain rCorr}
   (You found it on level 10 of the Dungeon)

   rCorr:     It protects you from acid and corrosion.
   Drain:     It drains your maximum health when unequipped.
   Harm:      It increases damage dealt and taken.
 z - a +0 kite shield (worn)
 A - +0 steam dragon scales
 B - the +1 robe "Kekko" {Str+2}
   (You found it on level 6 of the Dungeon)

   Str:       It affects your strength (+2).
 I - a +0 pair of gloves (worn)
Magical Staves
 y - a staff of death
Jewellery
 s - a ring of wizardry
Wands
 w - a wand of flame (23)
 E - a wand of mindburst (5)
 J - a wand of iceblast (4)
Scrolls
 b - a scroll of noise {unknown}
 e - 4 scrolls of immolation {unknown}
 f - 2 scrolls of enchant weapon {unknown}
 k - a scroll of magic mapping {unknown}
 l - a scroll of torment {unknown}
 n - 3 scrolls of teleportation {unknown}
 q - a scroll of enchant armour {unknown}
 t - 5 scrolls of identify {unknown}
 u - 2 scrolls of fog {unknown}
 D - a scroll of vulnerability {unknown}
 H - a scroll of fear {unknown}
 K - a scroll of amnesia {unknown}
Potions
 c - 2 potions of heal wounds {unknown}
 d - a potion of might
 h - a potion of resistance {unknown}
 i - 2 potions of lignification {unknown}
 p - 2 potions of haste {unknown}
 r - 2 potions of curing {unknown}
 v - a potion of invisibility {unknown}
 G - a potion of attraction {unknown}


   Skills:
 + Level 7.6 Fighting
 + Level 9.8(10.0) Short Blades
 + Level 3.2(7.0) Long Blades
 + Level 2.7 Maces & Flails
 + Level 6.4 Armour
 + Level 4.0 Dodging
 + Level 3.3 Stealth
 + Level 5.5 Shields


You had 10 spell levels left.
You didn't know any spells.
Your spell library contained the following spells:

 Spells                   Type           Power      Damage    Failure   Level
 Passwall                 Tmut/Erth      0%         N/A       100%        2
 Static Discharge         Conj/Air       0%         N/A       100%        2
 Portal Projectile        Hex/Tloc       0%         N/A       100%        3
 Summon Guardian Golem    Hex/Summ       0%         N/A       100%        3
 Swiftness                Air            0%         N/A       100%        3
 Dispel Undead            Necr           0%         3d6       100%        4
 Petrify                  Tmut/Erth      0%         N/A       100%        4
 Sticky Flame             Conj/Fire      0%         2d3       100%        4
 Blade Hands              Tmut           0%         N/A       100%        5
 Excruciating Wounds      Necr           0%         N/A       100%        5
 Metabolic Englaciation   Hex/Ice        0%         N/A       100%        5
 Statue Form              Tmut/Erth      0%         N/A       100%        6
 Orb of Destruction       Conj           0%         N/A       100%        7
 Spellforged Servitor     Conj/Summ      0%         N/A       100%        7


Dungeon Overview and Level Annotations

Branches:
Dungeon (12/15)            Temple (0/1) D:7            Lair (0/6) D:11
    Orc: D:9-12

Altars:
Dithmenos
Hepliaklqana
Qazlal
Uskayaw
Wu Jian
The Shining One
Jiyva

Shops:
D:6 !   D:11 [


Innate Abilities, Weirdness & Mutations

You are completely covered in rugged brown scales. (AC +3, +7% HP)
You have supernaturally acute eyesight. (SInv)
Armour fits poorly on your strangely shaped body.
You can roll at nearby foes to attack.
You have a long armoured tail.
You curl defensively after being hit. (AC +7*)
You have an unnaturally thin skeletal structure. (Dex +6, Stealth+++)
You passively map a small area around you.
Your spells are a little harder to cast, but a little more powerful.
Your body has grown many eyes which may confuse attackers. (Acc +5)
You have a small jelly attached to you that may absorb projectiles.


Message History

HP restored.
You hear a distant slurping noise.
You open the door.
You hear a distant slurping noise.
Found an escape hatch in the floor.
There is an open door here.
You open the door.
Found a stone staircase leading down.
There is an open door here.
You hear a distant slurping noise.
You open the door.
A two-headed ogre comes into view. It is wielding two +0 giant clubs.
The two-headed ogre shouts in stereo!
You barely miss the two-headed ogre.
The two-headed ogre hits you with a +0 giant club!
You block the two-headed ogre's attack.
You puncture the two-headed ogre!
The two-headed ogre is poisoned.
You tail-slap the two-headed ogre!
The two-headed ogre is heavily wounded.
You hit the two-headed ogre.
The two-headed ogre looks as sick as possible!
The two-headed ogre is heavily wounded.
The two-headed ogre hits you with a +0 giant club!
The two-headed ogre hits you but does no damage.
You hit the two-headed ogre.
The two-headed ogre looks as sick as possible!
The two-headed ogre is severely wounded.
The two-headed ogre hits you with a +0 giant club!
The two-headed ogre hits you with a +0 giant club.
You are too injured to fight recklessly!
You are too injured to fight recklessly!
You kill the two-headed ogre!
A boulder beetle comes into view.
You have reached level 11!
The boulder beetle curls into a ball and begins rolling!
Jiyva says: Divide and consume!
There is an open door here.
The boulder beetle hits you!!!
Ouch! That really hurt!
You die...

######### #........ *
############## #........ ,
, #.>..........# #...<....
#............###........
,*
#.........>..#.......... ,
*,#............#.#..(.....
, +......@.....'.#........
* #.......B....###........
#########○#### ########.
######°# * . #.°B○○.# * *
* #°###### * ,* ,... , , *
, #....,, , * * , +.... +
,


You could see a boulder beetle (rolling).

Vanquished Creatures
  3 two-headed ogres
  A cyclops (D:12)
  A centaur zombie (D:10)
  Maggie (D:6)
  An unseen horror (D:10)
  A hornet (D:7)
  2 trolls (D:11)
  4 yaks (D:10)
  A wraith (D:11)
  A wyvern (D:8)
  An acid dragon (D:10)
  2 water moccasins
  An ice beast (D:6)
  An ogre (D:4)
  A sky beast (D:7)
  A centaur (D:8)
  A phantom (D:5)
  4 bullfrogs
  2 gnoll sergeants
  A water moccasin skeleton (D:4)
  13 killer bees
  7 wights
  4 howler monkeys
  Crazy Yiuf (D:6)
  3 hounds (D:5)
  5 orc priests
  3 iguanas
  A gnoll shaman (D:3)
  5 orc wizards
  A scorpion zombie (D:5)
  A hound skeleton (D:4)
  2 howler monkey zombies
  17 gnolls
  An adder (D:5)
  2 shadow imps (D:7)
  A white imp (D:5)
  An ufetubus (D:6)
  3 dart slugs
  25 orcs
  An endoplasm (D:1)
  A giant cockroach (D:1)
  4 goblins
  5 hobgoblins
  3 jackals (D:3)
  2 quokkas
  11 ball pythons
  A bat (D:3)
  5 frilled lizards (D:5)
  A goblin skeleton (D:5)
  A goblin zombie (D:5)
  3 hobgoblin zombies (D:5)
  6 kobolds
  A rat (D:1)
172 creatures vanquished.

Vanquished Creatures (collateral kills)
  An ugly thing (D:11)
  A gargoyle (D:11)
  A troll (D:11)
3 creatures vanquished.

Vanquished Creatures (others)
  A boulder beetle (D:12)
  A slime creature (D:12)
  Sigmund (D:6)
  An ice beast (D:6)
  A killer bee (D:8)
  A wight (D:10)
  2 centaur zombies (D:7)
  A hound (D:6)
  15 jellies
  A hound skeleton (D:5)
  2 adders
  3 gnolls (D:5)
  A shadow imp (D:6)
  An ufetubus (D:5)
  A worm (D:2)
  2 dart slugs (D:2)
  2 ball pythons
  A goblin (D:4)
  2 hobgoblins
  A jackal (D:1)
  A bat (D:2)
  A hobgoblin zombie (D:5)
  A rat (D:3)
  7 plants (D:5)
51 creatures vanquished.

Grand Total: 226 creatures vanquished

Notes
Turn   | Place    | Note
-------+----------+-------------------------------------------
     0 | D:1      | nikki the Palentonga Fighter began the quest for the Orb.
     0 | D:1      | Reached XP level 1. HP: 19/19 MP: 1/1
   161 | D:1      | Reached XP level 2. HP: 18/25 MP: 2/2
   308 | D:1      | Found a faded altar of an unknown god.
   315 | D:1      | Prayed at the altar of an unknown god.
   315 | D:1      | Became a worshipper of Jiyva Joppooga the Shapeless
   315 | D:1      | Reached * piety under Jiyva
   809 | D:1      | Reached XP level 3. HP: 31/31 MP: 3/3
  1098 | D:2      | Reached XP level 4. HP: 37/38 MP: 4/4
  1239 | D:2      | Reached ** piety under Jiyva
  1874 | D:3      | Found a hazy altar of Hepliaklqana.
  1916 | D:3      | Reached *** piety under Jiyva
  2141 | D:4      | Reached skill level 1 in Maces & Flails
  2141 | D:4      | Reached XP level 5. HP: 40/44 MP: 5/5
  2221 | D:4      | Noticed an ogre
  2239 | D:4      | Killed an ogre
  2389 | D:4      | Reached XP level 6. HP: 21/51 MP: 6/6
  2467 | D:4      | Found an ornate altar of the Wu Jian Council.
  2655 | D:5      | Entered Level 5 of the Dungeon
  2778 | D:5      | Noticed a water elemental
  2783 | D:5      | Noticed a fire elemental
  2784 | D:5      | Gained mutation: You passively map a small area around you.
                  | [Jiyva's grace]
  2784 | D:5      | Gained mutation: You passively map the area around you.
                  | [Jiyva's grace]
  2784 | D:5      | Gained mutation: You passively map a large area around you.
                  | [Jiyva's grace]
  2784 | D:5      | Gained mutation: Your translucent skin slightly reduces
                  | your foes' accuracy. (Stealth+) [Jiyva's grace]
  2785 | D:5      | Found a stormy altar of Qazlal.
  2787 | D:5      | Noticed an air elemental
  2801 | D:5      | Reached skill level 1 in Short Blades
  2946 | D:5      | Found a glowing golden altar of the Shining One.
  3080 | D:5      | Reached **** piety under Jiyva
  3261 | D:5      | Reached skill level 2 in Short Blades
  3261 | D:5      | Reached skill level 1 in Dodging
  3261 | D:5      | Gained mutation: You curl defensively after being hit. (AC
                  | +7*) [Palentonga growth]
  3261 | D:5      | Reached XP level 7. HP: 39/57 MP: 7/7
  3438 | D:5      | Found a hide-covered altar of Uskayaw.
  4106 | D:6      | Noticed Maggie
  4121 | D:6      | Killed Maggie
  4122 | D:6      | Reached skill level 3 in Short Blades
  4122 | D:6      | Reached skill level 5 in Armour
  4122 | D:6      | Reached XP level 8. HP: 44/65 MP: 8/8
  4199 | D:6      | Reached skill level 4 in Short Blades
  4260 | D:6      | Killed Sigmund
  4263 | D:6      | Found a runed translucent door.
  4264 | D:6      | Noticed Crazy Yiuf
  4395 | D:6      | Found Xigaavuo's Distillery.
  4580 | D:6      | Identified the +1 robe "Kekko" {Str+2}
  4826 | D:6      | Killed Crazy Yiuf
  4947 | D:7      | Reached ***** piety under Jiyva
  5144 | D:7      | Reached skill level 5 in Fighting
  5177 | D:7      | Noticed a hornet
  5184 | D:7      | Killed a hornet
  5185 | D:7      | Reached skill level 5 in Short Blades
  5185 | D:7      | Reached skill level 1 in Stealth
  5317 | D:7      | Reached XP level 9. HP: 47/72 MP: 9/9
  5565 | D:7      | Lost mutation: You passively map a large area around you.
                  | [Jiyva's grace]
  5565 | D:7      | Lost mutation: You passively map the area around you.
                  | [Jiyva's grace]
  5565 | D:7      | Gained mutation: Your body has grown eyes which may confuse
                  | attackers. (Acc +3) [Jiyva's grace]
  5565 | D:7      | Gained mutation: Your body has grown many eyes which may
                  | confuse attackers. (Acc +5) [Jiyva's grace]
  5565 | D:7      | Gained mutation: Your body is covered in eyes which may
                  | confuse attackers. (Acc +7, SInv) [Jiyva's grace]
  5565 | D:7      | Gained mutation: You have a small jelly attached to you
                  | that may absorb projectiles. [Jiyva's grace]
  5672 | D:7      | Found a staircase to the Ecumenical Temple.
  5887 | D:8      | Reached skill level 6 in Short Blades
  6085 | D:8      | You fall into a shaft and drop 2 floors!
  6085 | D:10     | Entered Level 10 of the Dungeon
  6112 | D:10     | Reached skill level 7 in Short Blades
  6276 | D:10     | Found a shadowy altar of Dithmenos.
  6487 | D:10     | Noticed an unseen horror
  6495 | D:10     | Killed an unseen horror
  6587 | D:10     | Identified the +2 plate armour of Inaction {Harm Drain
                  | rCorr}
  6646 | D:10     | Reached skill level 8 in Short Blades
  6646 | D:10     | Reached XP level 10. HP: 73/82 MP: 10/10
  6887 | D:11     | Noticed a gargoyle
  6910 | D:11     | Killed a gargoyle
  7025 | D:11     | Reached ****** piety under Jiyva
  7033 | D:11     | Found Ysteomott's Armour Emporium.
  7045 | D:11     | Noticed a white ugly thing
  7054 | D:11     | Killed a white ugly thing
  7118 | D:11     | Found a staircase to the Lair.
  7170 | D:11     | Noticed a two-headed ogre
  7178 | D:11     | Killed a two-headed ogre
  7179 | D:11     | Reached skill level 9 in Short Blades
  7179 | D:11     | Reached skill level 5 in Shields
  7303 | D:11     | Lost mutation: Your body is covered in eyes which may
                  | confuse attackers. (Acc +7, SInv) [Jiyva's grace]
  7303 | D:11     | Lost mutation: Your translucent skin slightly reduces your
                  | foes' accuracy. (Stealth+) [Jiyva's grace]
  7303 | D:11     | Gained mutation: You have a somewhat thin skeletal
                  | structure. (Dex +2, Stealth+) [Jiyva's grace]
  7303 | D:11     | Gained mutation: You have a moderately thin skeletal
                  | structure. (Dex +4, Stealth++) [Jiyva's grace]
  7303 | D:11     | Gained mutation: You have an unnaturally thin skeletal
                  | structure. (Dex +6, Stealth+++) [Jiyva's grace]
  7303 | D:11     | Gained mutation: Your spells are a little harder to cast,
                  | but a little more powerful. [Jiyva's grace]
  7324 | D:11     | Noticed a two-headed ogre
  7337 | D:11     | Killed a two-headed ogre
  7376 | D:12     | Noticed a cyclops
  7382 | D:12     | Killed a cyclops
  7411 | D:12     | Noticed a two-headed ogre
  7414 | D:12     | Killed a boulder beetle
  7417 | D:12     | Killed a two-headed ogre
  7417 | D:12     | Noticed a boulder beetle
  7418 | D:12     | Reached XP level 11. HP: 39/89 MP: 11/11
  7422 | D:12     | Demolished by a boulder beetle

Illustrated notes

Levels and vault maps discovered:
D:1:      nzn_arrival_settlement, layout_basic, basic_ecumenical_altar,
          minmay_unequal
D:2:      layout_basic, minmay_small_reverse_x
D:3:      layout_rooms, mainiacjoe_overflow_cross_hatched, st_stairs_6
D:4:      layout_layer_cave, nzn_wu_jian_council_hall
D:5:      layout_layer_cave, nicolae_qazlal_style_of_elements,
          nicolae_tso_besieged_by_evil, nicolae_uskayaw_dance_hall,
          minmay_lizard_king
D:6:      layout_basic, serial_shops, nicolae_shop_crystal, uniq_maggie,
          uniq_crazy_yiuf_cottage, uniq_sigmund
D:7:      layout_basic, minmay_temple_entry_poolview
D:8:      layout_basic, serial_rivers, chequers_serial_rivers_small_b,
          chequers_serial_rivers_room_a, chequers_serial_rivers_micro_e,
          chequers_serial_rivers_micro_d, chequers_serial_rivers_micro_e,
          kennysheep_generic_room_11
D:10:     layout_irregular_city, grunt_dithmenos_smoke_and_mirrors,
          small_statue_alley_a
D:11:     layout_roguey, lair_entry_dummy, serial_shops, shop
D:12:     layout_roguey, serial_shops, nicolae_shop_bloodbath_and_beyond

Skill      XL: |  1  2  3  4  5  6  7  8  9 10 |
---------------+-------------------------------+-----
Armour         | 3 4 5 6 |  6.4
Long Blades    | 3 |  3.2
Maces & Flails | 1 2 |  2.7
Fighting       | 4 5 6 7 |  7.6
Short Blades   | 2 3 5 8 9 |  9.8
Shields        | 3 4 5 |  5.5
Dodging        | 1 2 3 4 |  4.0
Stealth        | 1 2 3 |  3.3

Action                   |  1- 3 |  4- 6 |  7- 9 | 10-12 || total
-------------------------+-------+-------+-------+-------++-------
Melee: Long sword        |    51 |       |       |       ||    51
       Tailslap          |     8 |    25 |    44 |    17 ||    94
       Whip              |     8 |    37 |       |       ||    45
       Rapier            |       |    93 |   287 |    91 ||   471
 Stab: Sleeping          |       |       |     5 |       ||     5
       Confused          |       |       |     4 |     1 ||     5
Armor: Scale mail        |    21 |    60 |    30 |       ||   111
       Robe              |       |       |    45 |       ||    45
       Steam dragon scal |       |       |     6 |       ||     6
       Plate armour      |       |       |     3 |    31 ||    34
Dodge: Dodged            |    27 |    56 |   112 |    12 ||   207
Block: Buckler           |    10 |    31 |     9 |       ||    50
       Kite shield       |       |       |    81 |    32 ||   113

Table legend: (Time is in decaauts)
 A = Elapsed time spent in this place.
 B = Non-inter-level travel time spent in this place.
 C = Inter-level travel time spent in this place.
 D = Time resting spent in this place.
 E = Time spent auto-exploring this place.
 F = Levels seen in this place.
 G = Mean time per level.
                   A        B        C        D        E       F      G
               +--------+--------+--------+--------+--------+-----+--------+
         Total |   7474 |   7132 |    342 |    109 |   5277 |  11 |  679.5 |
       Dungeon |   7474 |   7132 |    342 |    109 |   5277 |  11 |  679.5 |
               +--------+--------+--------+--------+--------+-----+--------+

Top non-repeatable levels by time:
     D:5: 1371 daAuts
     D:1: 949 daAuts
     D:7: 942 daAuts
     D:6: 803 daAuts
     D:2: 750 daAuts
    D:10: 728 daAuts
     D:4: 611 daAuts
    D:11: 557 daAuts
     D:3: 422 daAuts
     D:8: 293 daAuts
    D:12: 44 daAuts
